 Dungeon Crawl Stone Soup version 0.29.1-1-gd02db6906a (webtiles) character file.

Game seed: 17499643289459032956

35 sentinel the Digger (level 3, -1/26 HPs)
             Began as a Meteoran Earth Elementalist on Sept 30, 2022.
             Killed from afar by Sigmund (7 damage)
             ... with a puff of flame
             ... on level 3 of the Dungeon.
             The game lasted 00:01:35 (212 turns).

sentinel the Digger (Meteoran Earth Elementalist)    Turns: 212, Time: 00:01:36

Health: -1/26      AC:  2    Str:  9    XL:     3   Next: 79%
Magic:  7/8        EV: 12    Int: 19    God:
Gold:   0          SH:  0    Dex: 14    Spells: 1/7 levels left

rFire   . . .      SeeInvis .   (no weapon)
rCold   . . .      Faith    .   (no shield)
rNeg    . . .      Spirit   .   a - +0 robe
rPois   .          Reflect  .   (no helmet)
rElec   .          Harm     .   (no cloak)
rCorr   .          Rampage  .   (no gloves)
Will    .....                   (no boots)
Stlth   +.........              (no amulet)
HPRegen 0.08/turn               (no ring)
MPRegen 0.11/turn               (no ring)

@: glowing
A: sense surroundings 1, otherworldly, glowing, explore regen
a: no special abilities


You were on level 3 of the Dungeon.
You visited 1 branch of the dungeon, and saw 4 of its levels.

Inventory:

Armour
 a - a +0 robe (worn)
Jewellery
 i - a ring of see invisible
Scrolls
 c - a scroll of summoning {unknown}
 d - 2 scrolls of teleportation {unknown}
Potions
 e - 2 potions of resistance {unknown}


   Skills:
 - Level 2.4 Dodging
 - Level 1.4 Stealth
 - Level 2.6 Spellcasting
 * Level 1.5 Conjurations
 - Level 1.2 Transmutations
 + Level 4.9 Earth Magic


You had one spell level left.
You knew the following spells:

 Your Spells              Type           Power      Damage    Failure   Level
a - Sandblast             Erth           42%        2d11      1%          1
b - Stone Arrow           Conj/Erth      28%        3d8       13%         3
c - Passwall              Tmut/Erth      11%        N/A       7%          2

Your spell library contained the following spells:

 Spells                   Type           Power      Damage    Failure   Level
 Mephitic Cloud           Conj/Pois/Air  4%         N/A       36%         3
 Ignite Poison            Fire/Tmut/Pois 4%         N/A       38%         3
 Petrify                  Tmut/Erth      14%        N/A       41%         4
 Freezing Cloud           Conj/Ice/Air   2%         6-21      98%         5


Dungeon Overview and Level Annotations

Branches:
Dungeon (4/15) Zot: 2172
 Temple: D:4-7

Altars:

Annotations:
D:3 1 runed translucent door, Sigmund; sausages's ghost, amateur KoBr


Innate Abilities, Weirdness & Mutations

You passively map a small area around you.
You are easily found by Zot.
You glow in the dark.
You regain HP and MP as you explore.


Message History

The blast of sand hits the adder.
The adder is severely wounded.
Casting: Sandblast (safe; 3% risk of failure)
Confirm with . or Enter, or press ? or * to list all spells.
Aiming: Sandblast (safe; 3% risk of failure)
Press: ? - help, Shift-Dir - straight line, f/p - adder
Aim: an adder (severely wounded, 70% to hit)
The blast of sand hits the adder.
The adder is almost dead.
Casting: Sandblast (safe; 3% risk of failure)
Confirm with . or Enter, or press ? or * to list all spells.
Aiming: Sandblast (safe; 3% risk of failure)
Press: ? - help, Shift-Dir - straight line, f/p - adder
Aim: an adder (almost dead, 70% to hit)
The blast of sand hits the adder!
You kill the adder!
The goblin closely misses you.
You have reached level 3!
Your experience leads to an increase in your attributes!
Increase (s)trength, (i)ntelligence, or (d)exterity?
You feel clever. x3
The blast of sand hits the goblin!
You kill the goblin!
You can't see any susceptible monsters within range! (Use Z to cast anyway.) This spell is quite dangerous to cast!
Memorise Stone Arrow, consuming 3 spell levels and leaving 1?
You start memorising the spell.
You continue memorising. x3
You finish memorising.
Spell assigned to 'b'.
Found a sling and 2 bubbling black potions.
There is a stone staircase leading down here.
A jackal comes into view.
The jackal barks!
A jackal comes into view.
The jackal barks!
You see here 2 bubbling black potions.
The blast of sand hits the jackal.
The jackal is severely wounded.
A jackal comes into view.
The blast of sand hits the jackal!
You kill the jackal!
The jackal barks!
The blast of sand misses the jackal.
The blast of sand hits the jackal.
The jackal is almost dead.
The jackal bites you. The jackal barely misses you. The jackal bites you.
The blast of sand hits the jackal.
The jackal is heavily wounded.
The jackal bites you. The jackal barely misses you.
The blast of sand hits the jackal!
You kill the jackal!
The jackal bites you.
The blast of sand hits the jackal!
You kill the jackal!
You can't see any susceptible monsters within range! (Use Z to cast anyway.)
e - 2 bubbling black potions
There is a stone staircase leading down here.
You climb downwards.
Found a runed translucent door.
There is a stone staircase leading up here.
HP restored.
Found a scroll labelled MISHE IGO TIES.
Sausages's ghost turns its malevolent gaze towards you.
A bat comes into view.
The bullfrog gives a loud, deep croak!
The bat hits you.
The blast of sand hits the bat.
You kill the bat!
You can't see any susceptible monsters within range! (Use Z to cast anyway.)
You can't see any susceptible monsters within range! (Use Z to cast anyway.)
A bat comes into view.
Found a quarterstaff.
The blast of sand hits the bat!
You kill the bat!
Your Conjurations skill increases to level 1!
You can't see any susceptible monsters within range! (Use Z to cast anyway.)
Found a stone staircase leading down.
You see here a bat corpse.
A frilled lizard comes into view.
The frilled lizard hisses angrily.
There is a stone staircase leading down here.
The blast of sand hits the frilled lizard!
You kill the frilled lizard!
You can't see any susceptible monsters within range! (Use Z to cast anyway.)
You can't see any susceptible monsters within range! (Use Z to cast anyway.)
You climb downwards.
You hear the sound of rushing water.
There is an entrance to a sewer on this level.
Hurry and find it before the portal rusts away!
Magic restored.
The gnoll shouts! x2
Found a ring mail, a scroll labelled QAETTA ONOSYGU and 8 gold pieces.
There is a stone staircase leading up here.
The gnoll closely misses you.
You climb upwards.
Level annotation: 1 runed translucent door, sausages's ghost, amateur KoBr
There is a stone staircase leading down here.
Casting: Sandblast (safe; 2% risk of failure)
Confirm with . or Enter, or press ? or * to list all spells.
Aiming: Stone Arrow (quite dangerous; 14% risk of failure)
Press: ? - help, Shift-Dir - straight line, f - gnoll
Aim: a gnoll, wielding a +0 whip (72% to hit)
The stone arrow hits the gnoll!
You kill the gnoll!
Sigmund the Dreaded comes into view.
He is wielding a +0 scythe.
The blast of sand hits Sigmund!
Sigmund is heavily wounded.
The blast of sand misses Sigmund.
Sigmund hits you from afar with a +0 scythe!
The blast of sand hits Sigmund!
Sigmund is severely wounded.
Sigmund hits you from afar with a +0 scythe.
The blast of sand hits Sigmund.
Sigmund is almost dead.
Sigmund casts a spell at you. You resist with some effort.
Sigmund hits you from afar with a +0 scythe!
Casting: Sandblast (safe; 1% risk of failure)
Confirm with . or Enter, or press ? or * to list all spells.
Aiming: Sandblast (safe; 1% risk of failure)
Press: ? - help, Shift-Dir - straight line, f/p - Sigmund
Aim: Sigmund, wielding a +0 scythe and wearing a +0 robe (almost dead, 81% to hit)
The blast of sand misses Sigmund.
Sigmund misses you.
Casting: Sandblast (safe; 1% risk of failure)
Confirm with . or Enter, or press ? or * to list all spells.
Aiming: Sandblast (safe; 1% risk of failure)
Press: ? - help, Shift-Dir - straight line, f/p - Sigmund
Aim: Sigmund, wielding a +0 scythe and wearing a +0 robe (almost dead, 81% to hit)
The blast of sand hits Sigmund.
Sigmund is almost dead.
Sigmund barely misses you. Magic courses through your body.
Casting: Sandblast (safe; 1% risk of failure)
Confirm with . or Enter, or press ? or * to list all spells.
Aiming: Sandblast (safe; 1% risk of failure)
Press: ? - help, Shift-Dir - straight line, f/p - Sigmund
Aim: Sigmund, wielding a +0 scythe and wearing a +0 robe (almost dead, 81% to hit)
Okay, then.
Casting: Sandblast (safe; 1% risk of failure)
Confirm with . or Enter, or press ? or * to list all spells.
Aiming: Stone Arrow (quite dangerous; 13% risk of failure)
Press: ? - help, Shift-Dir - straight line, f/p - Sigmund
Aim: Sigmund, wielding a +0 scythe and wearing a +0 robe (almost dead, 64% to hit)
Okay, then.
Casting: Stone Arrow (quite dangerous; 13% risk of failure)
Confirm with . or Enter, or press ? or * to list all spells.
Aiming: Sandblast (safe; 1% risk of failure)
Press: ? - help, Shift-Dir - straight line, f/p - Sigmund
Aim: Sigmund, wielding a +0 scythe and wearing a +0 robe (almost dead, 81% to hit)
The blast of sand misses Sigmund.
Sigmund points at you and mumbles some strange words.
The puff of flame hits you!
You die...

#.# *#..# * #.#
#..# #
##.#######..##.# ,
#...#......†...#
#.#.#.##....####* ,
#.....##....# * ,
###+#####.#.# , , ,
#~WF#....#.#### , *
#~~~##.....@..#,,
#~w~#.#...)......#
*
#~~~####).#@###..#,
, ,#~?r# #.....# *
.# * #~~~##.#..#.#
* #.....##. * ,
##.##. # *, ~ *#. *
,


You could see Sigmund.

Vanquished Creatures
  A gnoll (D:3)
  An adder (D:2)
  An endoplasm (D:1)
  A giant cockroach (D:2)
  3 jackals (D:2)
  2 ball pythons (D:1)
  4 bats
  2 frilled lizards
  A goblin (D:2)
  A rat (D:1)
17 creatures vanquished.

Notes
Turn   | Place    | Note
-------+----------+-------------------------------------------
     0 | D:1      | sentinel the Meteoran Earth Elementalist began the quest
                  | for the Orb.
     0 | D:1      | Reached XP level 1. HP: 14/14 MP: 5/5
   108 | D:1      | Reached skill level 4 in Earth Magic
   109 | D:1      | Reached XP level 2. HP: 20/20 MP: 4/6
   119 | D:1      | Learned a level 2 spell: Passwall
   148 | D:2      | Reached XP level 3. HP: 26/26 MP: 2/8
   153 | D:2      | Learned a level 3 spell: Stone Arrow
   176 | D:3      | Found a runed translucent door.
   181 | D:3      | Noticed sausages's ghost (amateur KoBr)
   181 | D:3      | Noticed a bullfrog
   189 | D:3      | Reached skill level 1 in Conjurations
   204 | D:3      | Noticed Sigmund
   212 | D:3      | Killed from afar by Sigmund

Illustrated notes

Levels and vault maps discovered:
D:1:      minmay_arrival_four_circles, layout_basic, kennysheep_pointless_box,
          minmay_tetromino_s2
D:2:      layout_basic, grunt_ministairs_9, uniq_natasha, uniq_jessica,
          uniq_terence
D:3:      layout_loops_ring, nicolae_hepliaklqana_hazy_memory,
          shapermc_ecumenical_altar_mp_urbaneastern, ebering_ghost_sewer_f,
          minmay_bisected, uniq_sigmund, uniq_grinder
D:4:      layout_loops_ring, old_standard_altar,
          minmay_temple_entry_antechambers, gup_sewer_entry_pipe

Skill      XL: |  1  2  3 |
---------------+----------+-----
Earth Magic    | 4 |  4.9
Conjurations   | 1 |  1.5
Dodging        | |  2.4
Stealth        | |  1.4
Spellcasting   | |  2.6
Transmutations | |  1.2

Action                   || total
-------------------------++-------
 Cast: Sandblast         ||    29
       Passwall          ||     2
       Stone Arrow       ||     1
  Use: Potion            ||     1
Dodge: Dodged            ||     8
